 Dungeon Crawl Stone Soup version 0.16-a0-3458-g6d2551d (webtiles) character file.

656 NewYearsCrawler the Cleaver (level 7, -7/52 HPs)
             Began as a Formicid Fighter on Jan 2, 2015.
             Was an Initiate of Okawaru.
             Killed by divine providence
             ... invoked by an orc priest
              (17 damage)
             ... on level 5 of the Dungeon.
             The game lasted 00:10:49 (5320 turns).

NewYearsCrawler the Cleaver (Formicid Fighter)      Turns: 5320, Time: 00:10:49

Health: -7/52      AC: 13    Str: 27 (28) XL:     7   Next: 85%
Magic:  9/9        EV:  5    Int:  7      God:    Okawaru [......]
Gold:   205        SH: 10    Dex: 12      Spells: 0 memorised, 6 levels left

rFire  . . .     SeeInvis +     a - +1 war axe
rCold  . . .     Clarity  .     E - +1 plate armour
rNeg   . . .     SustAb   .     c - +0 shield
rPois  .         Gourm    +     (helmet unavailable)
rElec  .         Spirit   .     (no cloak)
rCorr  .         Warding  .     w - +0 pair of gloves
rMut   .         Stasis   +     (no boots)
MR     .....                    l - amulet of the gourmand
Stlth  ..........               (no ring)
                                (no ring)

@: mighty, drained, not resistant to hostile enchantments, extremely unstealthy
A: permanent stasis, dig shafts and tunnels, four strong arms, antennae 3, agile
1, deterioration 1
a: Dig, Shaft Self, Renounce Religion


You were on level 5 of the Dungeon.
You worshipped Okawaru.
Okawaru was noncommittal.
You were very full.

You visited 2 branches of the dungeon, and saw 6 of its levels.

You collected 265 gold pieces.
You spent 60 gold pieces at shops.

Inventory:

Hand weapons
 a - a +1 war axe (weapon)
Missiles
 k - 4 tomahawks (quivered)
Armour
 c - a +0 shield (worn)
 w - a +0 pair of gloves (worn)
 E - a +1 plate armour (worn)
Jewellery
 l - an amulet of the gourmand (around neck)
 v - an uncursed amulet of resist mutation
Scrolls
 f - 3 scrolls of amnesia
 g - a scroll of fog
 h - 5 scrolls of identify
 m - 2 scrolls of noise
 s - 2 scrolls of remove curse
Potions
 t - a potion of flight
 z - 2 potions of agility
 B - a potion of lignification
Comestibles
 d - 3 bread rations
 n - a beef jerky
 q - 2 meat rations
 x - 4 fruits


   Skills:
 - Level 3.2(2.9) Fighting
 * Level 8.2(7.8) Axes
 - Level 3.2(2.9) Armour
 - Level 3.6(3.2) Shields


You had 6 spell levels left.
You didn't know any spells.

Dungeon Overview and Level Annotations

Branches:
Dungeon (5/15)             Temple (1/1) D:5

Altars:
Ashenzari
Cheibriados
Dithmenos
Fedhas
Okawaru
Qazlal
Ru
Sif Muna
Vehumet
Xom
The Shining One

Shops:
D:5 *


Innate Abilities, Weirdness & Mutations

You are under a permanent stasis effect.
You can dig through walls and to a lower floor.
Your four strong arms can wield two-handed weapons with a shield.
You have a pair of large antennae on your head (SInv).
You are agile. (Dex +2)
Your body is slowly deteriorating.


Message History

You feel drained.
* * * LOW HITPOINT WARNING * * *
You block the hell rat's attack.
You are too injured to fight recklessly!
You are too injured to fight recklessly!
Unknown command.
You are too injured to fight recklessly!
Unknown command.
Drink which item? (? for menu, Esc to quit)
You feel better.
The hell rat bites you but does no damage.
Drink which item? (? for menu, Esc to quit)
You feel very mighty all of a sudden.
The hell rat bites you but does no damage.
The hell rat completely misses you.
You barely miss the hell rat.
The hell rat is lightly wounded.
The orc priest calls down the wrath of Beogh upon you.
Something smites you!
You die...

#####
.....#
.......##
.{..o...#
#{rr.{...#
#.####
{##or......
..#.##{#r#
{ #.#..##@#
#...#.##
#....##
#.#†#.# #.
#.#.# #.
##.##. #
#.## #.
#.## ##
##.#


You could see a hell rat, an orc priest, a river rat and an orc.

Vanquished Creatures
  A sky beast (D:5)
  A giant frog zombie (D:5)
  A crimson imp (D:5)
  An iguana (D:5)
  A jelly (D:5)
  2 orc wizards
  4 worker ants (D:4)
  A hound zombie (D:5)
  7 adders
  A river rat (D:5)
  3 giant mites
  7 worms
  6 giant geckos
  An ooze (D:3)
  7 orcs
  2 ball pythons (D:3)
  11 bats
  14 hobgoblins
  20 jackals
  3 quokkas
  A giant cockroach (D:1)
  A giant gecko skeleton (D:4)
  A giant gecko zombie (D:4)
  5 giant newts
  13 goblins
  8 kobolds
  21 rats
144 creatures vanquished.

Vanquished Creatures (others)
  A plant (D:3)
1 creature vanquished.

Grand Total: 145 creatures vanquished

Notes
Turn   | Place    | Note
--------------------------------------------------------------
     0 | D:1      | NewYearsCrawler, the Formicid Fighter, began the quest for the Orb.
     0 | D:1      | Reached XP level 1. HP: 18/18 MP: 1/1
   123 | D:1      | Reached XP level 2. HP: 17/24 MP: 3/3
   447 | D:1      | Reached XP level 3. HP: 25/29 MP: 4/4
   793 | D:2      | Reached XP level 4. HP: 21/35 MP: 5/5
  1034 | D:2      | Reached skill level 4 in Axes
  1674 | D:2      | Reached XP level 5. HP: 38/41 MP: 7/7
  1943 | D:2      | Reached skill level 5 in Axes
  2730 | D:3      | Reached XP level 6. HP: 45/47 MP: 8/8
  2784 | D:3      | Reached skill level 6 in Axes
  3939 | D:4      | Reached XP level 7. HP: 52/52 MP: 9/9
  4381 | D:4      | Reached skill level 7 in Axes
  4693 | D:5      | Entered Level 5 of the Dungeon
  4742 | D:5      | Gained mutation: Your body is slowly deteriorating. [mutagenic meat]
  4743 | D:5      | Gained mutation: You are agile. (Dex +2) [mutagenic meat]
  4896 | D:5      | Found a staircase to the Ecumenical Temple.
  4976 | Temple   | Entered the Ecumenical Temple
  5012 | Temple   | Became a worshipper of Warmaster Okawaru
  5070 | D:5      | Reached skill level 8 in Axes
  5132 | D:5      | Found Qyamag Oxiqe's Assorted Antiques.
  5148 | D:5      | Bought a scroll of fog for 60 gold pieces
  5320 | D:5      | Killed from afar by an orc priest

Action                   |  1- 3 |  4- 6 |  7- 9 || total
-------------------------+-------+-------+-------++-------
Melee: War axe           |    84 |   285 |   125 ||   494
  Use: Potion            |       |     2 |     9 ||    11
       Scroll            |       |       |     9 ||     9
  Eat: Chunk             |       |    17 |     6 ||    23
